 Dungeon Crawl Stone Soup version 0.22.1-2-g9c5b331383 (webtiles) character file.

394 Knicklaso the Sneak (level 6, -2/41 HPs)
             Began as a Merfolk Air Elementalist on Dec 6, 2018.
             Slain by an ogre
             ... wielding a +0 giant spiked club
              (13 damage)
             ... on level 3 of the Dungeon.
             The game lasted 00:15:01 (4782 turns).

Knicklaso the Sneak (Merfolk Air Elementalist)      Turns: 4782, Time: 00:15:02

Health: -2/41      AC:  3    Str:  8    XL:     6   Next: 82%
Magic:  6/11       EV: 13    Int: 14    God:
Gold:   160        SH:  0    Dex: 17    Spells: 9/12 levels left

rFire    . . .     SeeInvis .   h - +1 dagger (drain)
rCold    . . .     Gourm    .   (no shield)
rNeg     . . .     Faith    .   a - +0 robe
rPois    .         Spirit   .   q - +0 helmet
rElec    .         Reflect  .   (no cloak)
rCorr    .         Harm     .   (no gloves)
MR       .....                  (no boots)
Stlth    +++.......             (no amulet)
HPRegen  0.13/turn              (no ring)
MPRegen  0.12/turn              (no ring)

@: swift, quick
A: change form in water, swift swim, stealthy swim
a: no special abilities


You were on level 3 of the Dungeon.
You were not hungry.

You visited 1 branch of the dungeon, and saw 4 of its levels.

You collected 160 gold pieces.

Inventory:

Hand Weapons
 h - a +1 dagger of draining (weapon)
Armour
 a - a +0 robe (worn)
 q - a +0 helmet (worn)
Jewellery
 n - an uncursed ring of protection from cold {unknown}
Wands
 t - a wand of disintegration (16)
Scrolls
 b - a scroll of remove curse {unknown}
 d - 3 scrolls of identify {unknown}
 e - 2 scrolls of blinking {unknown}
 f - a scroll of amnesia {unknown}
 k - a scroll of enchant weapon {unknown}
 m - a scroll of enchant armour {unknown}
 o - 2 scrolls of immolation {unknown}
 p - a scroll of magic mapping {unknown}
 s - a scroll of teleportation {unknown}
Potions
 g - a potion of curing {unknown}
 i - a potion of ambrosia {unknown}
 j - a potion of haste {unknown}
 l - a potion of might {unknown}
 r - a potion of agility
 u - a potion of berserk rage {unknown}
Comestibles
 c - 9 rations


   Skills:
 * Level 3.0 Short Blades
 - Level 2.6 Dodging
 * Level 3.8 Stealth
 + Level 3.6 Spellcasting
 - Level 2.0 Conjurations
 - Level 3.0 Charms
 - Level 3.0 Air Magic


You had 9 spell levels left.
You knew the following spells:

 Your Spells              Type           Power        Failure   Level  Hunger
a - Shock                 Conj/Air       #...         7%          1    None
b - Swiftness             Chrm/Air       ##......     9%          2    ##.....

Your spell library contained the following spells:

 Spells                   Type           Power        Failure   Level  Hunger
 Static Discharge         Conj/Air       #.......     22%         3    ###....
 Airstrike                Air            ##........   52%         4    ####...
 Lightning Bolt           Conj/Air       #.........   89%         5    ######.


Dungeon Overview and Level Annotations

Branches:
Dungeon (4/15)
 Temple: D:4-7

Altars:
Hepliaklqana
Okawaru
Yredelemnul


Message History

Aiming: Shock (safe; 7% risk of failure)
Press: ? - help, Shift-Dir - straight line, f/p - ogre
Aim: an ogre, wielding a giant spiked club (severely wounded)
The zap misses the ogre.
There is an open door here.
There is an open door here.
The ogre barely misses you.
Casting: Shock (safe; 7% risk of failure)
Confirm with . or Enter, or press ? or * to list all spells.
Aiming: Shock (safe; 7% risk of failure)
Press: ? - help, Shift-Dir - straight line, f/p - ogre
Aim: an ogre, wielding a giant spiked club (heavily wounded)
The zap hits the ogre.
The ogre is severely wounded.
Casting: Shock (safe; 7% risk of failure)
Confirm with . or Enter, or press ? or * to list all spells.
You feel quick.
You feel a little less agile now.
The ogre hits you with a giant spiked club!
You die...

##..## ##........#
##.....# #.##
##.....#.# ###.#.#.#
#.# ##...##.#
#.....#.# #.#
##'###.###.#.#.#.# #.#
#.# #........<#.# #.#
#.# #####.#.....# #.#
##.## #.####### #.#
####...#### #.#
#.######..O@.....# #.#
#........#....##.# #.#
########.......#.###.#
##.##.........#
#.##...#.#####
#.##.###.##
#####....##...##
#.......##.....##
#>#######.......###


You could see an ogre.

Vanquished Creatures
  Grinder (D:3)
  A centaur skeleton (D:4)
  A worker ant (D:2)
  A gnoll (D:3)
  7 adders (D:2)
  2 worms (D:2)
  2 dart slugs
  7 bats
  5 giant cockroaches
  4 goblins
  12 hobgoblins
  5 jackals
  A quokka (D:2)
  A ball python (D:1)
  8 frilled lizards
  A giant cockroach zombie (D:2)
  4 kobolds
  5 rats
68 creatures vanquished.

Notes
Turn   | Place    | Note
-------+----------+-------------------------------------------
     0 | D:1      | Knicklaso the Merfolk Air Elementalist began the quest for
                  | the Orb.
     0 | D:1      | Reached XP level 1. HP: 13/13 MP: 3/3
   246 | D:1      | Reached skill level 1 in Conjurations
   246 | D:1      | Reached XP level 2. HP: 8/19 MP: 0/5
  1446 | D:2      | Learned a level 2 spell: Swiftness
  1461 | D:2      | Reached XP level 3. HP: 23/24 MP: 3/6
  1954 | D:2      | Reached skill level 1 in Charms
  1954 | D:2      | Reached XP level 4. HP: 12/30 MP: 1/7
  2992 | D:2      | Reached XP level 5. HP: 25/35 MP: 9/9
  3610 | D:3      | Found a hazy altar of Hepliaklqana.
  3770 | D:3      | Found an iron altar of Okawaru.
  4004 | D:3      | Noticed Grinder
  4008 | D:3      | Killed Grinder
  4008 | D:3      | Reached XP level 6. HP: 41/41 MP: 9/11
  4140 | D:3      | Found a basalt altar of Yredelemnul.
  4782 | D:3      | Slain by an ogre

Skill      XL: |  1  2  3  4  5  6 |
---------------+-------------------+-----
Conjurations   | 1 2 |  2.0
Air Magic      | 3 |  3.0
Charms         | 1 2 3 |  3.0
Spellcasting   | 3 |  3.6
Short Blades   | 2 3 |  3.0
Stealth        | 3 |  3.8
Dodging        | |  2.6

Action                   |  1- 3 |  4- 6 || total
-------------------------+-------+-------++-------
Melee: Dagger            |    15 |   119 ||   134
       Unarmed           |     1 |       ||     1
 Cast: Shock             |    56 |    30 ||    86
       Swiftness         |       |     3 ||     3
Evoke: Wand              |       |     3 ||     3
  Use: Potion            |       |     1 ||     1
 Stab: Sleeping          |     2 |     3 ||     5
  Eat: Chunk             |     3 |     8 ||    11
       Ration            |       |     1 ||     1
Armor: Robe              |     3 |    32 ||    35
Dodge: Dodged            |    24 |   108 ||   132
